Unix NetHack Version 3.7.0-65 Work-in-progress - last build Sep 26 2022 05:48:34 (a9070be95fe145525c880ceec589f5104d392f49,branch:master).

Game began 2022-09-26 16:49:16, ended 2022-09-28 15:58:14.

rustyspoon, lawful female orcish Ranger

  
unexplored area
unexplored area
unexplored area
unexplored area
unexplored area
unexplored area
unexplored area
unexplored area
unexplored area
unexplored area
unexplored area
unexplored area
unexplored area
unexplored area
unexplored area
unexplored area
unexplored area
unexplored area
unexplored area
unexplored area
unexplored area
unexplored area
unexplored area
unexplored area
unexplored area
unexplored area
unexplored area
unexplored area
unexplored area
unexplored area
unexplored area
unexplored area
unexplored area
unexplored area
unexplored area
unexplored area
unexplored area
unexplored area
unexplored area
unexplored area
unexplored area
unexplored area
unexplored area
unexplored area
unexplored area
unexplored area
unexplored area
unexplored area
unexplored area
unexplored area
unexplored area
unexplored area
unexplored area
unexplored area
unexplored area
unexplored area
unexplored area
unexplored area
unexplored area
unexplored area
unexplored area
unexplored area
unexplored area
unexplored area
unexplored area
unexplored area
unexplored area
unexplored area
unexplored area
unexplored area
unexplored area
unexplored area
unexplored area
unexplored area
unexplored area
unexplored area
unexplored area
unexplored area
unexplored area
unexplored area
unexplored area
unexplored area
unexplored area
unexplored area
unexplored area
unexplored area
unexplored area
unexplored area
unexplored area
unexplored area
unexplored area
unexplored area
unexplored area
unexplored area
unexplored area
unexplored area
unexplored area
unexplored area
unexplored area
unexplored area
unexplored area
unexplored area
unexplored area
unexplored area
unexplored area
unexplored area
unexplored area
unexplored area
unexplored area
unexplored area
unexplored area
unexplored area
unexplored area
unexplored area
unexplored area
unexplored area
unexplored area
unexplored area
unexplored area
unexplored area
unexplored area
unexplored area
unexplored area
unexplored area
unexplored area
unexplored area
unexplored area
unexplored area
unexplored area
unexplored area
unexplored area
unexplored area
unexplored area
unexplored area
unexplored area
unexplored area
unexplored area
unexplored area
unexplored area
unexplored area
unexplored area
unexplored area
unexplored area
unexplored area
unexplored area
unexplored area
unexplored area
unexplored area
unexplored area
unexplored area
unexplored area
unexplored area
unexplored area
unexplored area
unexplored area
unexplored area
unexplored area
unexplored area
unexplored area
unexplored area
unexplored area
unexplored area
unexplored area
unexplored area
unexplored area
unexplored area
unexplored area
unexplored area
unexplored area
unexplored area
unexplored area
unexplored area
unexplored area
unexplored area
unexplored area
unexplored area
unexplored area
unexplored area
unexplored area
unexplored area
unexplored area
unexplored area
unexplored area
unexplored area
unexplored area
unexplored area
unexplored area
unexplored area
unexplored area
unexplored area
unexplored area
unexplored area
unexplored area
unexplored area
unexplored area
unexplored area
unexplored area
unexplored area
unexplored area
unexplored area
unexplored area
unexplored area
unexplored area
unexplored area
unexplored area
unexplored area
unexplored area
unexplored area
unexplored area
unexplored area
unexplored area
unexplored area
unexplored area
unexplored area
unexplored area
unexplored area
unexplored area
unexplored area
unexplored area
unexplored area
unexplored area
unexplored area
unexplored area
unexplored area
unexplored area
unexplored area
unexplored area
unexplored area
unexplored area
unexplored area
unexplored area
unexplored area
unexplored area
unexplored area
unexplored area
unexplored area
unexplored area
unexplored area
unexplored area
unexplored area
unexplored area
unexplored area
unexplored area
unexplored area
unexplored area
unexplored area
unexplored area
unexplored area
unexplored area
unexplored area
unexplored area
unexplored area
unexplored area
unexplored area
unexplored area
unexplored area
unexplored area
unexplored area
unexplored area
unexplored area
unexplored area
unexplored area
unexplored area
unexplored area
unexplored area
unexplored area
unexplored area
unexplored area
unexplored area
unexplored area
unexplored area
unexplored area
unexplored area
unexplored area
unexplored area
unexplored area
unexplored area
unexplored area
unexplored area
unexplored area
unexplored area
unexplored area
unexplored area
unexplored area
unexplored area
unexplored area
unexplored area
unexplored area
unexplored area
unexplored area
unexplored area
unexplored area
unexplored area
unexplored area
unexplored area
unexplored area
unexplored area
unexplored area
unexplored area
unexplored area
unexplored area
unexplored area
unexplored area
unexplored area
unexplored area
unexplored area
unexplored area
unexplored area
unexplored area
unexplored area
unexplored area
unexplored area
unexplored area
unexplored area
unexplored area
unexplored area
unexplored area
unexplored area
unexplored area
unexplored area
unexplored area
unexplored area
unexplored area
unexplored area
unexplored area
unexplored area
unexplored area
unexplored area
unexplored area
unexplored area
unexplored area
unexplored area
unexplored area
unexplored area
unexplored area
unexplored area
unexplored area
unexplored area
unexplored area
unexplored area
unexplored area
unexplored area
unexplored area
unexplored area
unexplored area
unexplored area
unexplored area
unexplored area
unexplored area
unexplored area
unexplored area
unexplored area
unexplored area
unexplored area
unexplored area
unexplored area
unexplored area
unexplored area
unexplored area
unexplored area
unexplored area
unexplored area
unexplored area
unexplored area
unexplored area
unexplored area
unexplored area
unexplored area
unexplored area
unexplored area
unexplored area
unexplored area
unexplored area
unexplored area
unexplored area
unexplored area
unexplored area
unexplored area
unexplored area
unexplored area
unexplored area
unexplored area
unexplored area
unexplored area
unexplored area
unexplored area
unexplored area
unexplored area
unexplored area
unexplored area
unexplored area
unexplored area
unexplored area
unexplored area
unexplored area
unexplored area
unexplored area
unexplored area
unexplored area
unexplored area
unexplored area
unexplored area
unexplored area
unexplored area
unexplored area
unexplored area
unexplored area
wall
wall
wall
wall
wall
unexplored area
unexplored area
unexplored area
unexplored area
unexplored area
unexplored area
unexplored area
unexplored area
unexplored area
unexplored area
unexplored area
unexplored area
unexplored area
unexplored area
unexplored area
unexplored area
unexplored area
unexplored area
unexplored area
unexplored area
unexplored area
unexplored area
unexplored area
unexplored area
unexplored area
unexplored area
unexplored area
unexplored area
unexplored area
unexplored area
unexplored area
unexplored area
unexplored area
unexplored area
unexplored area
unexplored area
unexplored area
unexplored area
unexplored area
unexplored area
unexplored area
unexplored area
unexplored area
unexplored area
unexplored area
unexplored area
unexplored area
unexplored area
unexplored area
unexplored area
unexplored area
unexplored area
unexplored area
unexplored area
unexplored area
unexplored area
unexplored area
unexplored area
unexplored area
unexplored area
unexplored area
unexplored area
unexplored area
unexplored area
unexplored area
unexplored area
unexplored area
unexplored area
unexplored area
unexplored area
unexplored area
unexplored area
unexplored area
unexplored area
unexplored area
.dark part of a room
.dark part of a room
.dark part of a room
wall
unexplored area
unexplored area
unexplored area
unexplored area
unexplored area
unexplored area
unexplored area
unexplored area
unexplored area
unexplored area
unexplored area
unexplored area
unexplored area
unexplored area
unexplored area
unexplored area
unexplored area
unexplored area
unexplored area
unexplored area
unexplored area
unexplored area
unexplored area
unexplored area
unexplored area
unexplored area
unexplored area
unexplored area
unexplored area
unexplored area
unexplored area
unexplored area
unexplored area
unexplored area
unexplored area
unexplored area
unexplored area
unexplored area
unexplored area
unexplored area
unexplored area
unexplored area
unexplored area
unexplored area
unexplored area
unexplored area
unexplored area
unexplored area
unexplored area
unexplored area
unexplored area
unexplored area
unexplored area
unexplored area
unexplored area
unexplored area
unexplored area
unexplored area
unexplored area
unexplored area
unexplored area
unexplored area
unexplored area
unexplored area
unexplored area
unexplored area
unexplored area
wall
wall
wall
wall
wall
wall
wall
wall
wall
.dark part of a room
.dark part of a room
wall
wall
unexplored area
unexplored area
unexplored area
unexplored area
wall
unexplored area
unexplored area
unexplored area
unexplored area
unexplored area
unexplored area
unexplored area
unexplored area
unexplored area
unexplored area
unexplored area
unexplored area
unexplored area
unexplored area
unexplored area
unexplored area
unexplored area
unexplored area
unexplored area
unexplored area
unexplored area
unexplored area
unexplored area
unexplored area
unexplored area
unexplored area
unexplored area
unexplored area
unexplored area
unexplored area
unexplored area
unexplored area
unexplored area
unexplored area
unexplored area
unexplored area
unexplored area
unexplored area
unexplored area
unexplored area
unexplored area
unexplored area
unexplored area
unexplored area
unexplored area
unexplored area
unexplored area
unexplored area
unexplored area
unexplored area
unexplored area
unexplored area
unexplored area
unexplored area
unexplored area
unexplored area
unexplored area
unexplored area
unexplored area
unexplored area
unexplored area
wall
.floor of a room
.floor of a room
.floor of a room
.floor of a room
.floor of a room
.floor of a room
.floor of a room
wall
.dark part of a room
.dark part of a room
.dark part of a room
wall
wall
unexplored area
wall
wall
.dark part of a room
.dark part of a room
unexplored area
unexplored area
unexplored area
unexplored area
unexplored area
unexplored area
unexplored area
unexplored area
unexplored area
unexplored area
unexplored area
unexplored area
unexplored area
unexplored area
unexplored area
unexplored area
unexplored area
unexplored area
unexplored area
unexplored area
unexplored area
unexplored area
unexplored area
unexplored area
unexplored area
unexplored area
unexplored area
unexplored area
unexplored area
unexplored area
unexplored area
unexplored area
unexplored area
unexplored area
unexplored area
unexplored area
unexplored area
unexplored area
unexplored area
unexplored area
unexplored area
unexplored area
unexplored area
unexplored area
unexplored area
unexplored area
unexplored area
unexplored area
unexplored area
unexplored area
unexplored area
unexplored area
unexplored area
unexplored area
unexplored area
unexplored area
unexplored area
unexplored area
unexplored area
unexplored area
wall
.floor of a room
.floor of a room
.floor of a room
.floor of a room
.floor of a room
.floor of a room
.floor of a room
wall
.dark part of a room
.dark part of a room
.dark part of a room
.dark part of a room
wall
wall
wall
.dark part of a room
.dark part of a room
.dark part of a room
.dark part of a room
.dark part of a room
unexplored area
unexplored area
unexplored area
unexplored area
unexplored area
unexplored area
unexplored area
unexplored area
unexplored area
unexplored area
unexplored area
unexplored area
unexplored area
unexplored area
unexplored area
unexplored area
unexplored area
unexplored area
unexplored area
unexplored area
unexplored area
unexplored area
unexplored area
unexplored area
unexplored area
unexplored area
unexplored area
unexplored area
unexplored area
unexplored area
unexplored area
unexplored area
unexplored area
unexplored area
unexplored area
unexplored area
unexplored area
unexplored area
unexplored area
unexplored area
unexplored area
unexplored area
unexplored area
unexplored area
unexplored area
unexplored area
unexplored area
unexplored area
unexplored area
unexplored area
unexplored area
unexplored area
unexplored area
unexplored area
unexplored area
unexplored area
unexplored area
unexplored area
wall
.floor of a room
.floor of a room
.floor of a room
@invisible orcish ranger called rustyspoon
@peaceful high priest of Mercury
.floor of a room
.floor of a room
AAngel of Venus
AAngel of Mercury
@renegade priestess of Mars
.floor of a room
.floor of a room
.floor of a room
-open door
.dark part of a room
.dark part of a room
@priest of Moloch
.dark part of a room
.dark part of a room
.dark part of a room
.dark part of a room
unexplored area
unexplored area
unexplored area
unexplored area
unexplored area
unexplored area
unexplored area
unexplored area
unexplored area
unexplored area
unexplored area
unexplored area
unexplored area
unexplored area
unexplored area
unexplored area
unexplored area
unexplored area
unexplored area
unexplored area
unexplored area
unexplored area
unexplored area
unexplored area
unexplored area
unexplored area
unexplored area
unexplored area
unexplored area
unexplored area
unexplored area
unexplored area
unexplored area
unexplored area
unexplored area
unexplored area
unexplored area
unexplored area
unexplored area
unexplored area
unexplored area
unexplored area
unexplored area
unexplored area
unexplored area
unexplored area
unexplored area
unexplored area
unexplored area
unexplored area
unexplored area
unexplored area
unexplored area
unexplored area
unexplored area
unexplored area
unexplored area
wall
.floor of a room
.floor of a room
"the Amulet of Yendor
.floor of a room
.floor of a room
.floor of a room
.floor of a room
wall
.dark part of a room
.dark part of a room
.dark part of a room
.dark part of a room
wall
wall
wall
%Pestilence's corpse
.dark part of a room
.dark part of a room
.dark part of a room
.dark part of a room
.dark part of a room
.dark part of a room
unexplored area
unexplored area
unexplored area
unexplored area
unexplored area
unexplored area
unexplored area
unexplored area
unexplored area
unexplored area
unexplored area
unexplored area
unexplored area
unexplored area
unexplored area
unexplored area
unexplored area
unexplored area
unexplored area
unexplored area
unexplored area
unexplored area
unexplored area
unexplored area
unexplored area
unexplored area
unexplored area
unexplored area
unexplored area
unexplored area
unexplored area
unexplored area
unexplored area
unexplored area
unexplored area
unexplored area
unexplored area
unexplored area
unexplored area
unexplored area
unexplored area
unexplored area
unexplored area
unexplored area
unexplored area
unexplored area
unexplored area
unexplored area
unexplored area
unexplored area
unexplored area
unexplored area
unexplored area
unexplored area
unexplored area
unexplored area
wall
.floor of a room
.floor of a room
.floor of a room
.floor of a room
.floor of a room
.floor of a room
.floor of a room
wall
.dark part of a room
.dark part of a room
.dark part of a room
wall
wall
unexplored area
wall
wall
.dark part of a room
.dark part of a room
.dark part of a room
.dark part of a room
.dark part of a room
.dark part of a room
unexplored area
unexplored area
unexplored area
unexplored area
unexplored area
unexplored area
unexplored area
unexplored area
unexplored area
unexplored area
unexplored area
unexplored area
unexplored area
unexplored area
unexplored area
unexplored area
unexplored area
unexplored area
unexplored area
unexplored area
unexplored area
unexplored area
unexplored area
unexplored area
unexplored area
unexplored area
unexplored area
unexplored area
unexplored area
unexplored area
unexplored area
unexplored area
unexplored area
unexplored area
unexplored area
unexplored area
unexplored area
unexplored area
unexplored area
unexplored area
unexplored area
unexplored area
unexplored area
unexplored area
unexplored area
unexplored area
unexplored area
unexplored area
unexplored area
unexplored area
unexplored area
unexplored area
unexplored area
unexplored area
unexplored area
unexplored area
wall
wall
wall
wall
wall
wall
wall
wall
wall
.dark part of a room
.dark part of a room
wall
wall
unexplored area
unexplored area
unexplored area
wall
wall
wall
wall
.doorway
wall
wall
unexplored area
unexplored area
unexplored area
unexplored area
unexplored area
unexplored area
unexplored area
unexplored area
unexplored area
unexplored area
unexplored area
unexplored area
unexplored area
unexplored area
unexplored area
unexplored area
unexplored area
unexplored area
unexplored area
unexplored area
unexplored area
unexplored area
unexplored area
unexplored area
unexplored area
unexplored area
unexplored area
unexplored area
unexplored area
unexplored area
unexplored area
unexplored area
unexplored area
unexplored area
unexplored area
unexplored area
unexplored area
unexplored area
unexplored area
unexplored area
unexplored area
unexplored area
unexplored area
unexplored area
unexplored area
unexplored area
unexplored area
unexplored area
unexplored area
unexplored area
unexplored area
unexplored area
unexplored area
unexplored area
unexplored area
unexplored area
unexplored area
unexplored area
unexplored area
unexplored area
unexplored area
unexplored area
unexplored area
unexplored area
.dark part of a room
.dark part of a room
.dark part of a room
wall
unexplored area
unexplored area
unexplored area
unexplored area
unexplored area
unexplored area
wall
.dark part of a room
.dark part of a room
.dark part of a room
wall
wall
wall
wall
wall
wall
wall
unexplored area
unexplored area
unexplored area
unexplored area
unexplored area
unexplored area
unexplored area
unexplored area
unexplored area
unexplored area
unexplored area
unexplored area
unexplored area
unexplored area
unexplored area
unexplored area
unexplored area
unexplored area
unexplored area
unexplored area
unexplored area
unexplored area
unexplored area
unexplored area
unexplored area
unexplored area
unexplored area
unexplored area
unexplored area
unexplored area
unexplored area
unexplored area
unexplored area
unexplored area
unexplored area
unexplored area
unexplored area
unexplored area
unexplored area
unexplored area
unexplored area
unexplored area
unexplored area
unexplored area
unexplored area
unexplored area
unexplored area
unexplored area
unexplored area
unexplored area
unexplored area
unexplored area
unexplored area
unexplored area
unexplored area
unexplored area
unexplored area
wall
wall
wall
wall
wall
unexplored area
unexplored area
unexplored area
unexplored area
unexplored area
unexplored area
wall
.dark part of a room
.dark part of a room
.dark part of a room
)a long sword
.dark part of a room
.dark part of a room
.dark part of a room
.dark part of a room
.dark part of a room
wall
unexplored area
unexplored area
unexplored area
unexplored area
unexplored area
unexplored area
unexplored area
unexplored area
unexplored area
unexplored area
unexplored area
unexplored area
unexplored area
unexplored area
unexplored area
unexplored area
unexplored area
unexplored area
unexplored area
unexplored area
unexplored area
unexplored area
unexplored area
unexplored area
unexplored area
unexplored area
unexplored area
unexplored area
unexplored area
unexplored area
unexplored area
unexplored area
unexplored area
unexplored area
unexplored area
unexplored area
unexplored area
unexplored area
unexplored area
unexplored area
unexplored area
unexplored area
unexplored area
unexplored area
unexplored area
unexplored area
unexplored area
unexplored area
unexplored area
unexplored area
unexplored area
unexplored area
unexplored area
unexplored area
unexplored area
unexplored area
unexplored area
unexplored area
unexplored area
unexplored area
unexplored area
unexplored area
unexplored area
unexplored area
unexplored area
unexplored area
unexplored area
unexplored area
unexplored area
wall
wall
wall
wall
wall
wall
.dark part of a room
.dark part of a room
.dark part of a room
wall
unexplored area
unexplored area
unexplored area
unexplored area
unexplored area
unexplored area
unexplored area
unexplored area
unexplored area
unexplored area
unexplored area
unexplored area
unexplored area
unexplored area
unexplored area
unexplored area
unexplored area
unexplored area
unexplored area
unexplored area
unexplored area
unexplored area
unexplored area
unexplored area
unexplored area
unexplored area
unexplored area
unexplored area
unexplored area
unexplored area
unexplored area
unexplored area
unexplored area
unexplored area
unexplored area
unexplored area
unexplored area
unexplored area
unexplored area
unexplored area
unexplored area
unexplored area
unexplored area
unexplored area
unexplored area
unexplored area
unexplored area
unexplored area
unexplored area
unexplored area
unexplored area
unexplored area
unexplored area
unexplored area
unexplored area
unexplored area
unexplored area
unexplored area
unexplored area
unexplored area
unexplored area
unexplored area
unexplored area
unexplored area
unexplored area
unexplored area
unexplored area
unexplored area
unexplored area
unexplored area
unexplored area
unexplored area
unexplored area
unexplored area
wall
.dark part of a room
.dark part of a room
.dark part of a room
.dark part of a room
wall
unexplored area
unexplored area
unexplored area
unexplored area
unexplored area
unexplored area
unexplored area
unexplored area
unexplored area
unexplored area
unexplored area
unexplored area
unexplored area
unexplored area
unexplored area
unexplored area
unexplored area
unexplored area
unexplored area
unexplored area
unexplored area
unexplored area
unexplored area
unexplored area
unexplored area
unexplored area
unexplored area
unexplored area
unexplored area
unexplored area
unexplored area
unexplored area
unexplored area
unexplored area
unexplored area
unexplored area
unexplored area
unexplored area
unexplored area
unexplored area
unexplored area
unexplored area
unexplored area
unexplored area
unexplored area
unexplored area
unexplored area
unexplored area
unexplored area
unexplored area
unexplored area
unexplored area
unexplored area
unexplored area
unexplored area
unexplored area
unexplored area
unexplored area
unexplored area
unexplored area
unexplored area
unexplored area
unexplored area
unexplored area
unexplored area
unexplored area
unexplored area
unexplored area
unexplored area
unexplored area
unexplored area
unexplored area
unexplored area
wall
wall
wall
.dark part of a room
.dark part of a room
unexplored area
unexplored area
unexplored area
unexplored area
unexplored area
unexplored area
unexplored area
unexplored area
unexplored area
unexplored area
unexplored area
unexplored area
unexplored area
unexplored area
unexplored area
unexplored area
unexplored area
unexplored area
unexplored area
unexplored area
unexplored area
unexplored area
unexplored area
unexplored area
unexplored area
unexplored area
unexplored area
unexplored area
unexplored area
unexplored area
unexplored area
unexplored area
unexplored area
unexplored area
unexplored area
unexplored area
unexplored area
unexplored area
unexplored area
unexplored area
unexplored area
unexplored area
unexplored area
unexplored area
unexplored area
unexplored area
unexplored area
unexplored area
unexplored area
unexplored area
unexplored area
unexplored area
unexplored area
unexplored area
unexplored area
unexplored area
unexplored area
unexplored area
unexplored area
unexplored area
unexplored area
unexplored area
unexplored area
unexplored area
unexplored area
unexplored area
unexplored area
unexplored area
unexplored area
unexplored area
unexplored area
unexplored area
unexplored area
unexplored area
unexplored area
unexplored area
unexplored area
.dark part of a room
unexplored area
unexplored area
unexplored area
unexplored area
unexplored area
unexplored area
unexplored area
unexplored area
unexplored area
unexplored area
unexplored area
unexplored area
unexplored area
unexplored area
unexplored area
unexplored area
unexplored area
unexplored area
unexplored area
unexplored area
unexplored area
unexplored area
unexplored area
unexplored area
unexplored area
unexplored area
unexplored area
unexplored area
unexplored area
unexplored area
unexplored area
unexplored area
unexplored area
unexplored area
unexplored area
unexplored area
unexplored area
unexplored area
unexplored area
unexplored area
unexplored area
unexplored area
unexplored area
unexplored area
unexplored area
unexplored area
unexplored area
unexplored area
unexplored area
unexplored area
unexplored area
unexplored area
unexplored area
unexplored area
unexplored area
unexplored area
unexplored area
unexplored area
unexplored area
unexplored area
unexplored area
unexplored area
unexplored area
unexplored area
unexplored area
unexplored area
unexplored area
unexplored area
unexplored area
unexplored area
unexplored area
unexplored area
unexplored area
unexplored area
unexplored area
unexplored area
unexplored area
unexplored area
unexplored area
unexplored area
unexplored area
unexplored area
unexplored area
unexplored area
unexplored area
unexplored area
unexplored area
unexplored area
unexplored area
unexplored area
unexplored area
unexplored area
unexplored area
unexplored area
unexplored area
unexplored area
unexplored area
unexplored area
unexplored area
unexplored area
unexplored area
unexplored area
unexplored area
unexplored area
unexplored area
unexplored area
unexplored area
unexplored area
unexplored area
unexplored area
unexplored area
unexplored area
unexplored area
unexplored area
unexplored area
unexplored area
unexplored area
unexplored area
unexplored area
unexplored area
unexplored area
unexplored area
unexplored area
unexplored area
unexplored area
[Rustyspoon the Scout ] St:18/44 Dx:17 Co:18 In:16 Wi:16 Ch:14 Lawful Astral Plane $:0 HP:351(393) Pw:32(32) AC:-24 Xp:16 T:46971 Satiated Burdened Fly

Latest messages:

The Angel of Moloch misses the Angel of Mercury.
The Angel of Venus swings her long sword at the Angel of Mercury.
The Angel of Venus hits the Angel of Mercury.
The Angel of Venus swings her long sword at the Angel of Mercury.
The Angel of Venus hits the Angel of Mercury.
The Angel of Mercury is killed!
The Angel of Mercury picks up a long sword.
"Thou shalt be brought before Mercury for thy crimes!"
The Angel of Moloch zaps you with a magic missile!
The magic missile hits the priest of Mercury!
The magic missile hits the Angel of Mercury.
But it reflects from the Angel of Mercury's shield!
The magic missile hits the priest of Mercury!
The magic missile misses the Angel of Moloch.
What do you want to use or apply? [behjkpr-vyzAIKZ or ?*]
The Amulet of Yendor named REAL cannot be confined in such trappings.
The Angel of Venus swings her long sword at the Angel of Mercury.
The Angel of Venus hits the Angel of Mercury.
The Angel of Venus swings her long sword at the Angel of Mercury.
The Angel of Venus hits the Angel of Mercury.
The Angel of Venus misses the Angel of Mercury.
The Angel of Mercury wields a long sword!
What do you want to wear? [wF or ?*]
The guardian naga spits venom!
The splash of venom hits the renegade priestess of Mars.
The renegade priestess of Mars is blinded by the venom.
The Angel of Venus swings her long sword at the Angel of Mercury.
The Angel of Venus hits the Angel of Mercury.
The Angel of Venus swings her long sword at the Angel of Mercury.
The Angel of Venus misses the Angel of Mercury.
The Angel of Venus hits the Angel of Mercury.
The Angel of Mercury swings his long sword at the Angel of Venus.
The Angel of Mercury hits the Angel of Venus.
The Angel of Mercury swings his long sword at the Angel of Venus.
The Angel of Mercury hits the Angel of Venus.
The Angel of Mercury hits the Angel of Venus.
The renegade priestess of Mars casts a spell!
The renegade priestess of Mars looks better.
You finish your dressing maneuver.
Your mind oscillates briefly.
You are blasted by Stormbringer's power!
The etched helmet glows black for a moment.
There is a high altar to Mercury (lawful) here.
What do you want to sacrifice? [S or ?*]
You offer the Amulet of Yendor to Mercury...
An invisible choir sings, and you are bathed in radiance...
The voice of Mercury booms out: "Mortal, thou hast done well!"
"In return for thy service, I grant thee the gift of Immortality!"
You ascend to the status of Demigoddess...
Do you want your possessions identified? [ynq] (y)

Inventory:

Amulets

i - a blessed greased amulet of flying (being worn)
q - an uncursed amulet of life saving

Weapons

a - the blessed rustproof +6 Stormbringer (weapon in hand)

Armor

w - a cursed greased rustproof +2 helm of opposite alignment (being worn)
B - an uncursed greased +5 gray dragon scale mail (being worn)
C - an uncursed greased thoroughly burnt +4 cloak of protection (being worn)
D - a blessed greased +5 pair of speed boots (being worn)
E - a blessed +0 pair of gauntlets of dexterity (being worn)
F - an uncursed rustproof +5 helm of telepathy
G - a blessed +4 shield of reflection (being worn)

Comestibles

L - a cursed partly eaten lizard corpse named KFC

Scrolls

n - a blessed scroll of teleportation
o - an uncursed scroll of teleportation

Spellbooks

K - the uncursed Book of the Dead

Potions

g - an uncursed potion of extra healing
J - a blessed potion of healing

Rings

c - a blessed ring of conflict (on right hand)
l - a blessed +2 ring of increase damage
P - a blessed ring of free action (on left hand)

Wands

h - an uncursed wand of teleportation (0:4)
j - a cursed wand of teleportation (0:4)
p - an uncursed wand of death (1:0)
r - an uncursed wand of wishing (1:0)
y - an uncursed wand of teleportation (0:4)
z - an uncursed wand of digging (0:1)
I - an uncursed wand of death (0:7)

Tools

b - a blessed greased bag of holding containing 85 items
e - an uncursed stethoscope
k - an uncursed skeleton key
s - a cursed sack named cancellation containing 3 items
t - an uncursed blindfold
u - a blessed +7 unicorn horn named mmf, L, shock-e, ;
v - a blessed magic lamp (lit)
A - the uncursed Bell of Opening (0:0)
Z - the cursed Candelabrum of Invocation (7 of 7 candles attached)

Gems/Stones

x - a blessed luckstone

Contents of the bag of holding:

an uncursed amulet of guarding
an uncursed amulet of life saving
11 uncursed +0 elven daggers named +0
a blessed +0 bullwhip
an uncursed +0 mummy wrapping
9 uncursed food rations
3 uncursed sprigs of wolfsbane
an uncursed lizard corpse named MCDC
24 uncursed scrolls of blank paper
3 cursed scrolls of blank paper
a blessed scroll of charging
an uncursed scroll of create monster
an uncursed scroll of create monster
2 uncursed scrolls of earth
a blessed scroll of enchant weapon
a blessed scroll of fire
3 uncursed scrolls of fire
a blessed scroll of gold detection
an uncursed scroll of magic mapping
3 blessed scrolls of remove curse
2 uncursed scrolls of taming
a cursed scroll of teleportation
23 potions of holy water
2 uncursed potions of water
an uncursed potion of water
3 blessed diluted potions of extra healing
an uncursed diluted potion of extra healing
4 blessed diluted potions of full healing
an uncursed ring of free action
an uncursed ring of free action
an uncursed +4 ring of protection
an uncursed ring of regeneration
an uncursed ring of regeneration
an uncursed ring of regeneration
an uncursed ring of slow digestion
a blessed ring of teleport control
an uncursed wand of sleep (0:3)
an uncursed wand of slow monster (0:4)
an uncursed wand of slow monster (0:7)
an uncursed wand of cold (0:3)
an uncursed wand of cold (0:5)
an uncursed wand of digging (0:6)
an uncursed wand of digging (0:5)
an uncursed wand of digging (0:6)
an uncursed wand of digging (0:6)
an uncursed wand of digging (0:6)
an uncursed wand of digging (0:6)
an uncursed wand of digging (0:6)
an uncursed wand of enlightenment (0:6)
an uncursed wand of fire named z (0:6)
an uncursed wand of light (0:12)
an uncursed wand of lightning (0:5)
an uncursed wand of lightning (0:7)
an uncursed wand of lightning (0:6)
an uncursed wand of locking (0:7)
an uncursed wand of magic missile (0:5)
an uncursed wand of magic missile (0:7)
an uncursed wand of magic missile (0:5)
an uncursed wand of magic missile (0:5)
an uncursed wand of magic missile (0:7)
an uncursed wand of magic missile (0:5)
an uncursed wand of magic missile (0:0)
a blessed wand of speed monster (0:2)
an uncursed wand of speed monster (0:4)
an uncursed wand of speed monster (0:5)
a blessed wand of striking (0:6)
an uncursed wand of striking (0:6)
an uncursed wand of striking (0:0)
an uncursed wand of striking (0:4)
an uncursed wand of striking (0:2)
an uncursed wand of striking (0:0)
an uncursed wand of striking (0:4)
an uncursed wand of striking (0:3)
an uncursed wand of teleportation (0:8)
an uncursed wand of teleportation (0:5)
an uncursed bugle
8 uncursed tallow candles
an uncursed wax candle
an uncursed can of grease (0:13)
an uncursed can of grease (0:15)
an uncursed can of grease (0:9)
an uncursed leash
a blessed magic marker (1:35)
an uncursed +6 pick-axe
a blessed touchstone

Contents of the sack named cancellation:

an uncursed wand of cancellation (0:7)
an uncursed wand of cancellation (0:4)
an uncursed wand of cancellation (0:7)

Rustyspoon the Ranger's attributes:


Background:

You were a Scout, a level 16 female orcish Ranger.
You were lawful, temporarily on a mission for Mercury
who was opposed by Venus (neutral) and Mars (chaotic).
You were actually chaotic.
You were in the endgame, on the Astral Plane.
You entered the dungeon 46971 turns ago.
You had 414157 experience points, 225843 more were needed to attain level 17.

Basics:

You had 351 out of 393 hit points.
You had all 32 energy points (spell power).
Your armor class was -24.
Your wallet was empty.
Autopickup was off.

Final Characteristics:

Your strength was 18/44 (limit:18/50).
Your dexterity was 17 (peak:18, limit:18).
Your constitution was 18 (limit:18).
Your intelligence was 16 (limit:16).
Your wisdom was 16 (limit:16).
Your charisma was 14 (limit:16).

Final Status:

You were flying.
You were satiated.
You were burdened; movement was slightly slowed.
You were wielding a broadsword.
You had basic skill with broadsword.

Final Attributes:

You were the Glory of Arioch.
You were fervently aligned.
You were magic-protected.
You were fire resistant.
You were cold resistant.
You were sleep resistant.
You were disintegration resistant.
You were shock resistant.
You were poison resistant.
You were level-drain resistant.
You saw invisible.
You were telepathic.
You had automatic searching.
You had infravision.
You were invisible to others.
You were stealthy.
You caused conflict.
You were protected.
You were very fast.
You had reflection.
You had free action.
You were extremely lucky.
You had extra luck.
Good luck did not time out for you.
You survived.

Miscellaneous:
You encountered 1 bones level.
Total elapsed playing time was 5 hours, 48 minutes and 10 seconds.

Major events:

Turn

1: rustyspoon the chaotic female orcish Ranger entered the dungeon
369: entered the Gnomish Mines
1577: attained the rank of Lookout (level 3)
3877: attained the rank of Trailblazer (level 6)
5888: reached Mine Town
6232: made her first wish - "blessed greased +2 gray dragon scale mail", got "a greased gray dragon scale mail"
8095: entered Sokoban
8671: completed 1st Sokoban level
9621: completed 2nd Sokoban level
10273: completed 3rd Sokoban level
12119: completed 4th Sokoban level
12419: attained the rank of Reconnoiteress (level 10)
12668: acquired the Sokoban bag of holding
15648: destroyed McPanther's ghost, the former Embalmer
18155: acquired the Mines' End luckstone
20357: entered the Bigroom
23951: was bestowed with Grimtooth by Mars
24711: was bestowed with Stormbringer by Mars
26814: was chosen to steal souls for the Glory of Mars
26901: wished for "blessed greased fixed +2 shield of reflection", got "a greased polished silver shield"
27123: attained the rank of Scout (level 14)
33099: killed Medusa
35708: wished for "uncursed magic marker", got "a magic marker"
36091: wished for "blessed greased +2 boots of speed", got "a greased pair of jungle boots"
38134: found the Longbow of Diana on the floor
38145: killed Scorpius
38146: acquired the Bell of Opening
38213: performed her first genocide (master mind flayers)
38943: genocided class L
39019: wished for "blessed fixed greased amulet of flying", got "a greased circular amulet"
39026: wished for "blessed magic marker", got "a magic marker"
39565: entered Gehennom
40662: bribed Asmodeus with 70 zorkmids for safe passage
41236: killed the invisible Juiblex
41766: killed Yeenoghu
41800: bribed Baalzebub with 15 zorkmids for safe passage
42402: genocided shocking spheres
42422: destroyed Vlad the Impaler
42423: acquired the Candelabrum of Invocation
42590: killed Orcus
44637: killed the Wizard of Yendor
44643: acquired the Book of the Dead
44691: performed the invocation
44951: killed the invisible high priest of Moloch
44960: acquired The Amulet of Yendor
45377: killed the Wizard of Yendor (2nd time)
46184: killed the Wizard of Yendor (3rd time)
46726: entered the Elemental Planes
46726: entered Plane of Earth
46788: entered Plane of Air
46826: entered Plane of Fire
46858: entered Plane of Water
46860: genocided class ;
46934: entered the Astral Plane
46947: killed the invisible Pestilence
46959: wished for "blessed fixed greased +2 helm of opposite alignment", got "a greased etched helmet"
46971: ascended

Vanquished creatures:

Orcus
Yeenoghu
Juiblex
the Wizard of Yendor (4 times)
Pestilence
Vlad the Impaler
a high cleric
a mastodon
Medusa
17 krakens
a storm giant
2 glass golems
a balrog
2 gold dragons
3 silver dragons
4 red dragons
3 white dragons
4 orange dragons
a black dragon
3 blue dragons
2 green dragons
2 yellow dragons
19 minotaurs
3 jabberwocks
Scorpius
7 baluchitheria
2 Angels
a demilich
2 stone golems
a master mind flayer
an Olog-hai
3 Nazgul
11 pit fiends
3 sandestins
4 hell hounds
a displacer beast
4 titanotheres
a guardian naga
2 genetic engineers
4 disenchanters
22 vampire leaders
6 skeletons
7 aligned clerics
5 captains
5 shades
2 liches
2 clay golems
7 nurses
7 ice devils
a nalfeshnee
4 lurkers above
2 Aleaxes
an ettin
3 golden nagas
12 black puddings
22 vampires
4 lieutenants
31 ghosts
a rogue
a tourist
2 queen bees
3 winged gargoyles
5 mind flayers
5 giant mimics
6 long worms
8 zruties
9 fire giants
5 ogre tyrants
an ice troll
4 rock trolls
5 umber hulks
3 flesh golems
4 elven monarchs
3 doppelgangers
7 hezrous
4 bone devils
8 large mimics
2 wumpuses
3 fire vortices
4 couatls
9 stalkers
5 air elementals
3 fire elementals
8 earth elementals
5 water elementals
2 hill giants
2 giant mummies
a black naga
6 xorns
12 giant zombies
11 elf-nobles
17 sergeants
2 water demons
8 barbed devils
14 vrocks
3 salamanders
13 wargs
4 winter wolves
4 hell hound pups
17 small mimics
4 glass piercers
5 warhorses
4 steam vortices
16 xans
3 ettin mummies
9 quantum mechanics
32 trolls
4 sasquatches
3 wood golems
an erinys
6 mariliths
8 sharks
8 electric eels
3 gelatinous cubes
7 pyrolisks
6 large dogs
a freezing sphere
13 flaming spheres
6 shocking spheres
5 large cats
5 tigers
4 gargoyles
2 dwarf rulers
3 tengu
4 ochre jellies
6 leocrottas
3 energy vortices
22 mountain centaurs
2 stone giants
2 elf mummies
4 human mummies
a green slime
a python
a pit viper
4 cobras
38 wraiths
3 carnivorous apes
17 ettin zombies
a leather golem
12 Grey-elves
43 soldiers
3 watchmen
5 amorous demons
6 horned devils
7 chameleons
2 crocodiles
23 giant beetles
3 quivering blobs
14 cockatrices
10 wolves
10 winter wolf cubs
2 lynxes
4 panthers
5 gremlins
2 spotted jellies
47 leprechauns
2 orc-captains
4 iron piercers
2 mumakil
11 giant spiders
32 scorpions
3 horses
an ice vortex
2 black lights
11 vampire bats
42 forest centaurs
6 gnome rulers
2 orc mummies
4 dwarf mummies
3 ogres
8 brown puddings
11 rust monsters
5 owlbears
5 yetis
a gold golem
a werewolf
10 Green-elves
6 piranha
18 giant eels
14 lizards
4 chickatrices
a dingo
4 dogs
a housecat
6 jaguars
6 dwarf leaders
8 blue jellies
2 white unicorns
5 gray unicorns
11 dust vortices
21 ravens
12 plains centaurs
2 gnome mummies
6 snakes
5 water moccasins
13 apes
21 human zombies
4 rope golems
9 Woodland-elves
24 soldier ants
22 fire ants
6 bugbears
2 lemures
2 quasits
8 wood nymphs
6 water nymphs
9 mountain nymphs
a Mordor orc
an Uruk-hai
2 orc shamans
a rock piercer
2 rock moles
7 ponies
6 fog clouds
16 yellow lights
a shrieker
9 violet fungi
16 gnome leaders
11 gnomish wizards
5 kobold mummies
a red naga hatchling
4 gray oozes
3 barrow wights
9 elf zombies
7 ghouls
3 straw golems
a paper golem
4 jellyfish
a baby crocodile
13 giant ants
4 little dogs
10 floating eyes
a kitten
25 dwarves
4 homunculi
5 kobold leaders
3 kobold shamans
9 hill orcs
29 rothes
5 rabid rats
3 centipedes
9 giant bats
2 monkeys
16 orc zombies
18 dwarf zombies
2 wererats
a werejackal
16 iguanas
66 killer bees
4 acid blobs
3 coyotes
a gas spore
12 hobbits
15 manes
2 large kobolds
9 hobgoblins
12 giant rats
11 cave spiders
2 brown molds
2 yellow molds
a green mold
a red mold
67 gnomes
11 garter snakes
6 gnome zombies
7 geckos
19 jackals
6 foxes
3 kobolds
a goblin
a sewer rat
9 grid bugs
9 lichens
17 kobold zombies
6 newts
1987 creatures vanquished.

Genocided species:

shocking spheres
master mind flayers
liches
demiliches
master liches
arch-liches
jellyfish
piranha
sharks
giant eels
electric eels
krakens
12 species genocided.

Voluntary challenges:

You read items or engraved 130 times.
You engraved Elbereth 9 times.
You genocided 12 types of monsters.
You never polymorphed an object.
You never changed form.
You used 7 wishes.
You did not wish for any artifacts.
You did not violate any of the special Sokoban rules.

Achievements:

You entered the Gnomish Mines.
You entered a shop.
You attained the rank of Lookout.
You attained the rank of Trailblazer.
You entered Minetown.
You entered a temple.
You entered Sokoban.
You attained the rank of Reconnoiteress.
You completed Sokoban.
You completed the Gnomish Mines.
You entered the Big Room.
You attained the rank of Scout.
You defeated Medusa.
You learned the tune to open and close the Castle's drawbridge.
You had the Bell of Opening.
You entered Gehennom.
You had the Candelabrum of Invocation.
You had the Book of the Dead.
You gained access to Moloch's Sanctum.
You reached the Elemental Planes.
You reached the Astral Plane.
You delivered the Amulet of Yendor.
You ascended!

The Elemental Planes:

   Astral Plane: <- You are here.
A temple to Mercury.
Plane of Water:
Plane of Fire:
Plane of Air:
Plane of Earth:

The Dungeons of Doom: levels 1 to 29

   Level 1:
Some fountains.
One way stairs up to The Elemental Planes.
Level 2:
A general store.
Stairs down to The Gnomish Mines.
Level 3:
A fountain.
Level 4: "sinks used"
Some sinks.
Level 5: "60/80 scrolls in shop"
A scroll shop, a fountain.
Level 6:
Level 7: "sink used"
A fountain, a sink, some graves.
Level 8:
A grave.
Level 9:
Some fountains.
Oracle of Delphi.
Level 10:
A grave.
Stairs up to Sokoban, level 9.
Level 11:
Some fountains, many trees.
A very big room.
Level 12: "! >"
Level 13:
Some fountains.
Level 14: "sink used"
A fountain, a sink.
Level 15:
A primitive area.
Portal to The Quest.
Level 16: "sink used"
A sink, a grave.
Level 17:
Level 18: "temple"
Many altars.
Level 19:
An altar.
Level 20:
A delicatessen.
Level 21: "used sink"
A sink.
Level 22:
A fountain.
Level 23:
An armor shop, a sink.
Level 24:
An altar.
Level 25:
A fountain, many trees.
Level 26:
Level 27:
Level 28: "$6000 >"
Level 29:
The castle.

Gehennom: levels 30 to 53

   Level 30:
A temple, many graves.
Valley of the Dead.
Level 31:
Level 32:
Level 33:
Level 34:
Level 35:
Level 36:
Level 37:
Level 38:
Level 39:
Level 40:
Some shops, an altar.
Stairs up to Vlad's Tower, level 39.
Level 41:
Level 42:
Level 43:
Level 44:
Level 45:
Level 46:
Level 47:
Level 48:
Level 49:
Level 50:
Level 51:
Level 52:
Level 53:
A temple, many graves.
Moloch's Sanctum.

The Gnomish Mines: levels 3 to 11

   Level 3:
Level 4:
Level 5: "backup holding _"
Many shops, a temple, some fountains.
Level 6: "! <"
Level 7:
A grave.
Final resting place for
McPanther-Hea-Gno-Mal-Neu, killed by a winter wolf cub, while praying.
Level 8:
Level 9:
Level 10: "polytrap?"
Level 11:

The Quest: levels 1 to 6

   Level 1:
Many trees.
Completed quest for Orion.
Level 2:
Many trees.
Level 3:
Level 4:
Level 5:
Level 6:

Sokoban: levels 9 up to 6

   Level 6:
Solved.
Level 7:
Solved.
Level 8: "giant mummy"
Solved.
Level 9: "red dragon chameleon next"
Solved.

Vlad's Tower: levels 39 up to 37

   Level 37:
Level 38:
Level 39:

Goodbye rustyspoon the Demigoddess...


You went to your reward with 896230 points,
Stormbringer (worth 8000 zorkmids and 20000 points)
The Bell of Opening (worth 5000 zorkmids and 12500 points)
The Book of the Dead (worth 10000 zorkmids and 25000 points)
The Candelabrum of Invocation (worth 5000 zorkmids and 12500 points)
and 0 pieces of gold, after 46971 moves.
You were level 16 with a maximum of 393 hit points when you ascended.